 Dungeon Crawl Stone Soup version 0.30.1-11-g7821555f0a (webtiles) character file.

Game seed: 13856971175951740836

9089 SacredBeard the Merchant of Misery (level 11, -3/83 HPs)
             Began as a Demonspawn Necromancer on Nov 6, 2023.
             Was a Believer of Kikubaaqudgha.
             Killed by vampiric draining
             ... invoked by a vampire
              (7 damage)
             ... on level 11 of the Dungeon.
             The game lasted 00:36:04 (11218 turns).

SacredBeard the Merchant of Misery (DsNe)          Turns: 11218, Time: 00:36:05

Health: -3/83      AC: 18    Str:  8    XL:     11   Next: 18%
Magic:  23/23      EV: 12    Int: 17    God:    Kikubaaqudgha [**....]
Gold:   543        SH:  0    Dex: 18    Spells: 19/26 levels left

rFire   . . .        C - +1 long sword (flame)
rCold   + . .        (no shield)
rNeg    . . .        D - +0 steam dragon scales
rPois   .            (no helmet)
rElec   .            E - +2 cloak {rCorr}
rCorr   +            q - +0 pair of gloves
SInv    .            N - +0 pair of boots
Will    .....        A - amulet of magic regeneration
Stlth   ++           m - +4 ring of protection
HPRegen 0.33/turn    (no ring)
MPRegen 0.58/turn

%: no passive effects
@: mighty, invisible
A: icy blue scales 3, spiny 1, weakness stinger 2
a: Renounce Religion, Unearth Wretches


You were on level 11 of the Dungeon.
You worshipped Kikubaaqudgha.
Kikubaaqudgha was pleased with you.
You visited 2 branches of the dungeon, and saw 12 of its levels.

You collected 627 gold pieces.
You spent 84 gold pieces at shops.

Inventory:

Hand Weapons
 C - a +1 long sword of flaming (weapon)
Missiles
 d - 62 stones
 n - 6 curare-tipped darts
 s - 6 boomerangs
 u - 3 poisoned darts
Armour
 b - the +0 robe "Usilaor" {rElec}
   (You found it on level 9 of the Dungeon)

   rElec:     It insulates you from electricity.
 q - a +0 pair of gloves (worn)
 w - +0 ice dragon scales
 D - +0 steam dragon scales (worn)
 E - a +2 cloak of preservation (worn)
 N - a +0 pair of boots (worn)
Jewellery
 m - a +4 ring of protection (left hand)
 A - an amulet of magic regeneration (around neck)
 B - a ring of ice
 J - an amulet of regeneration
 L - an amulet of the acrobat
Wands
 a - a wand of mindburst (11)
 r - a wand of flame (36)
 v - a wand of roots (5)
 y - a wand of paralysis (7)
 G - a wand of digging (4)
Scrolls
 c - a scroll of enchant weapon {unknown}
 e - 2 scrolls of immolation
 f - 8 scrolls of teleportation
 h - 2 scrolls of vulnerability
 i - 3 scrolls of fog {unknown}
 j - 4 scrolls of enchant armour
 l - a scroll of fear
 o - a scroll of amnesia {unknown}
 t - 2 scrolls of magic mapping
 x - 2 scrolls of poison {unknown}
 z - 2 scrolls of noise {unknown}
 F - a scroll of butterflies {unknown}
Potions
 g - 2 potions of mutation
 k - 5 potions of curing
 H - 3 potions of haste {unknown}
 I - a potion of invisibility


   Skills:
 + Level 6.9 Fighting
 * Level 8.8 Long Blades
 - Level 2.0 Throwing
 - Level 2.0 Armour
 - Level 2.0 Dodging
 - Level 3.0 Stealth
 - Level 8.0 Spellcasting
 - Level 10.0 Necromancy
 - Level 3.0 Evocations


You had 19 spell levels left.
You knew the following spells:

 Your Spells              Type           Power      Damage    Failure   Level
a - Necrotise             Necr           100%       1d9       1%          1
b - Animate Dead          Necr           40%        N/A       1%          4
c - Passwall              Tmut/Erth      5%         N/A       16%         2

Your spell library contained the following spells:

 Spells                   Type           Power      Damage    Failure   Level
 Sublimation of Blood     Necr           40%        N/A       1%          2
 Vampiric Draining        Necr           40%        2d8       1%          3
 Cigotuvi's Dreadful Rot  Necr/Pois/Air  36%        N/A       4%          2
 Agony                    Necr           40%        N/A       4%          5
 Magic Dart               Conj           24%        1d4       11%         1
 Sandblast                Erth           12%        2d6       11%         1
 Slow                     Hex            24%        N/A       11%         1
 Blink                    Tloc           12%        N/A       16%         2
 Call Imp                 Summ           12%        N/A       16%         2
 Lesser Beckoning         Tloc           12%        N/A       16%         2
 Momentum Strike          Conj/Tloc      12%        3d8       16%         2
 Poisonous Vapours        Pois/Air       12%        N/A       16%         2
 Searing Ray              Conj           12%        2d4       16%         2
 Static Discharge         Conj/Air       12%        2-3/arc   16%         2
 Confusing Touch          Hex            6%         N/A       30%         3
 Inner Flame              Hex/Fire       6%         N/A       30%         3
 Mephitic Cloud           Conj/Pois/Air  6%         N/A       30%         3
 Stone Arrow              Conj/Erth      12%        3d7       30%         3
 Fulminant Prism          Conj/Hex       3%         3d5       71%         4
 Manifold Assault         Tloc           6%         N/A       71%         4
 Freezing Cloud           Conj/Ice/Air   3%         6-21      96%         5
 Storm Form               Tmut/Air       3%         N/A       100%        7


Dungeon Overview and Level Annotations

Branches:
Dungeon (11/15) Zot: 26794  Temple (1/1) D:6 Zot: 5800    Lair (0/5) D:9
    Orc (0/2) D:10

Altars:
Ashenzari
Cheibriados
Dithmenos
Fedhas
Gozag
Hepliaklqana
Kikubaaqudgha
Makhleb
Nemelex Xobeh
Okawaru
Qazlal
Ru
Sif Muna
Trog
Uskayaw
Vehumet
Wu Jian
Xom
Yredelemnul

Shops:
D:2 =   D:6 *

Annotations:
D:6 3 runed translucent doors, Tali's ghost, novice DsCK


Innate Abilities, Weirdness & Mutations

You are completely covered in icy blue scales. (AC +4, rC+)
You are partially covered in sharp spines.
You have a tail ending in a sharp stinger.


Message History

* * * LOW HITPOINT WARNING * * *
Something bites you but does no damage.
You completely miss something. You tail-slap something.
Something hits you but does no damage. Something bites you but does no damage.
You hit something. You burn something. Something hits you.
* * * LOW HITPOINT WARNING * * *
Something bites you but does no damage.
You barely miss something. Something hits you!
* * * LOW HITPOINT WARNING * * *
Something bites you but does no damage.
You feel better. Something hits you!
* * * LOW HITPOINT WARNING * * *
Something bites you but does no damage.
You fade into invisibility!
Your acid dragon skeleton crumbles into dust!
Something hits you!
* * * LOW HITPOINT WARNING * * *
Something bites you but does no damage.
You fade further into invisibility.
You hear some strange, mumbled words.
Something tries to affect you, but you resist.
You hear some strange, mumbled words.
Your manticore skeleton appears confused.
You feel better.
You feel very mighty all of a sudden. Something hits you but does no damage.
Something bites you.
* * * LOW HITPOINT WARNING * * *
Something draws strength from your injuries!
You hit something but do no damage. You tail-slap something.
Something hits you but does no damage. Something bites you.
* * * LOW HITPOINT WARNING * * *
Something draws strength from your injuries!
You miss something. Something hits you but does no damage.
Something bites you but does no damage.
You hit something but do no damage.
You hear the crackling of a very distant melting archway.
Something hits you but does no damage. Something bites you but does no damage.
You hit something. You burn something. You tail-slap something!
You die...
Kikubaaqudgha rasps: "You have failed me!
Welcome... death!"

.. #....... .....
######## ....######## #
...........# #
..........# # ###
#........# #
....#........###########
........................
.#(.@.....###########
#..{.....# #
.....Z......# #
...).......[.# #
.......####### # .......
# ....... # .......
.....


You could see a friendly manticore skeleton (confused).

Vanquished Creatures
  Pikel (D:8)
  An ugly thing (D:10)
  Maurice (D:9)
  A manticore (D:11)
  Joseph (D:7)
  Maggie (D:6)
  A troll (D:10)
  Prince Ribbit (D:7)
  2 shadows
  4 wyverns
  A basilisk (D:9)
  4 yaks (D:9)
  Menkaure (D:6)
  A steam dragon (D:7)
  Edmund (D:6)
  2 water moccasins
  An acid dragon (D:11)
  Duvessa (D:7)
  3 black bears (D:9)
  A sky beast (D:6)
  2 orc warriors
  An ice beast (D:7)
  3 ogres
  3 centaurs
  A lemure (D:8)
  A phantom (D:5)
  Blork the orc (D:6)
  2 bullfrogs
  2 gnoll sergeants
  5 scorpions
  5 wights (D:9)
  Dowan (D:7)
  8 killer bees
  7 howler monkeys
  4 hounds (D:5)
  3 jellies
  6 orc priests
  A sleepcap (D:8)
  2 iguanas
  Natasha (thrice) (D:3)
  3 orc wizards
  10 gnolls
  17 adders
  3 white imps
  An ufetubus (D:5)
  A worm (D:2)
  6 dart slugs
  20 orcs
  2 bats
  4 endoplasms
  6 giant cockroaches
  4 goblins
  4 hobgoblins
  4 jackals (D:1)
  5 quokkas
  10 ball pythons
  2 frilled lizards
  6 kobolds
  5 rats
204 creatures vanquished.

Vanquished Creatures (collateral kills)
  2 yaks (D:9)
  A black bear (D:9)
  A wolf (D:9)
  2 gnolls
  An orc (D:3)
  A goblin (D:1)
8 creatures vanquished.

Grand Total: 212 creatures vanquished

Notes
Turn   | Place    | Note
-------+----------+-------------------------------------------
     0 | D:1      | SacredBeard the Demonspawn Necromancer began the quest for
                  | the Orb.
     0 | D:1      | Reached XP level 1. HP: 13/13 MP: 3/3
   230 | D:1      | You fall into a shaft and drop 1 floor!
   243 | D:2      | Gained mutation: You are partially covered in sharp spines.
                  | [demonic ancestry]
   243 | D:2      | Reached XP level 2. HP: 19/19 MP: 0/5
   343 | D:2      | Reached skill level 5 in Necromancy
   361 | D:2      | Found Edghoocwa's Jewellery Shoppe.
   751 | D:1      | Reached XP level 3. HP: 24/24 MP: 0/6
  2026 | D:2      | Found a faded altar of an unknown god.
  2148 | D:2      | Identified the +1 scale mail of Qazlal's Castigation
                  | {Rampage rPois Str+5}
  2213 | D:3      | Reached XP level 4. HP: 30/30 MP: 5/8
  2511 | D:3      | Reached skill level 6 in Necromancy
  2825 | D:3      | Noticed Natasha
  2832 | D:3      | Killed Natasha
  2833 | D:3      | Gained mutation: You are partially covered in icy blue
                  | scales. (AC +2) [demonic ancestry]
  2833 | D:3      | Reached XP level 5. HP: 35/35 MP: 1/9
  2965 | D:3      | Noticed Natasha
  2972 | D:3      | Killed Natasha
  3000 | D:3      | Noticed Natasha
  3014 | D:3      | Killed Natasha
  3215 | D:3      | Identified the +4 mace "Akhlaev" {vamp, *Slow Dex+6 Stlth+}
  3618 | D:4      | Identified the +8 mace of Midnight {venom, *Corrode rPois
                  | rF+ Str+3}
  3691 | D:4      | Reached skill level 7 in Necromancy
  3691 | D:4      | Gained mutation: You have a small tail. [demonic ancestry]
  3691 | D:4      | Reached XP level 6. HP: 41/41 MP: 6/11
  4307 | D:5      | Entered Level 5 of the Dungeon
  4307 | D:5      | Noticed an orc warrior
  4539 | D:5      | Reached skill level 5 in Spellcasting
  4597 | D:5      | Reached skill level 1 in Evocations
  4602 | D:5      | Reached skill level 1 in Fighting
  4602 | D:5      | Gained mutation: You have a tail ending in a sharp stinger.
                  | [demonic ancestry]
  4602 | D:5      | Reached XP level 7. HP: 48/48 MP: 7/14
  5008 | D:5      | Got the Volume of Cloudy Bewitchment
  5194 | D:5      | Reached skill level 1 in Throwing
  5195 | D:5      | Reached skill level 1 in Armour
  5581 | D:6      | Found a staircase to the Ecumenical Temple.
  5585 | D:6      | Gained mutation: You are mostly covered in icy blue scales.
                  | (AC +3) [demonic ancestry]
  5585 | D:6      | Reached XP level 8. HP: 56/56 MP: 15/15
  5596 | Temple   | Entered the Ecumenical Temple
  5631 | Temple   | Became a worshipper of Kikubaaqudgha
  5678 | D:6      | Noticed Maggie
  5714 | D:6      | Killed Maggie
  5720 | Temple   | Reached skill level 8 in Necromancy
  5878 | D:6      | Noticed Edmund
  5882 | D:6      | Noticed Menkaure
  5884 | D:6      | Killed Edmund
  5899 | D:6      | Killed Menkaure
  5900 | D:6      | Reached skill level 9 in Necromancy
  5905 | D:6      | Learned a level 4 spell: Animate Dead
  6195 | D:6      | Found Vitz's General Store.
  6330 | D:6      | Found a sparkling altar of Nemelex Xobeh.
  6346 | D:6      | Bought a scroll of fear for 48 gold pieces
  6346 | D:6      | Bought a potion of curing for 36 gold pieces
  6395 | D:6      | Gained mutation: You are completely covered in icy blue
                  | scales. (AC +4, rC+) [demonic ancestry]
  6395 | D:6      | Reached XP level 9. HP: 61/61 MP: 15/18
  6404 | D:6      | Identified the +2 plate armour "Urelishre" {Rampage Str+4}
  6405 | D:6      | Found a runed translucent gate.
  6405 | D:6      | Noticed Tali's ghost (novice DsCK)
  6406 | D:6      | Found a runed translucent gate.
  6407 | D:6      | Found a runed translucent gate.
  6444 | D:6      | Noticed Blork the orc
  6461 | D:6      | Killed Blork the orc
  6752 | D:7      | Noticed Joseph
  6842 | D:7      | Noticed Prince Ribbit
  6858 | D:7      | Killed Prince Ribbit
  6859 | D:7      | Reached skill level 1 in Long Blades
  7094 | D:7      | HP: 1/61 [something/ball of steam (20)]
  7384 | D:4      | Learned a level 2 spell: Passwall
  7495 | D:7      | Reached skill level 10 in Necromancy
  7736 | D:7      | Noticed Duvessa
  7744 | D:7      | Killed Duvessa
  8027 | D:7      | Noticed Dowan
  8031 | D:7      | Killed Dowan
  8048 | D:7      | Killed Joseph
  8253 | D:7      | Found a shimmering altar of Xom.
  8344 | D:7      | Reached * piety under Kikubaaqudgha
  8344 | D:7      | Received a gift from Kikubaaqudgha
  8614 | D:8      | Noticed Pikel
  9035 | D:8      | Found a snail-covered altar of Cheibriados.
  9091 | D:8      | Reached XP level 10. HP: 71/71 MP: 18/22
  9212 | D:9      | Reached skill level 5 in Long Blades
  9231 | D:9      | Reached ** piety under Kikubaaqudgha
  9387 | D:9      | Reached skill level 5 in Fighting
  9615 | D:9      | Found a staircase to the Lair.
  9822 | D:9      | Identified the +0 robe "Usilaor" {rElec}
  9995 | D:9      | Noticed Maurice
 10007 | D:9      | Paralysed by something for 3 turns
 10016 | D:9      | Killed Maurice
 10150 | D:8      | Killed Pikel
 10343 | D:10     | Entered Level 10 of the Dungeon
 10483 | D:10     | Reached XP level 11. HP: 59/83 MP: 23/23
 10577 | D:10     | Found a staircase to the Orcish Mines.
 10616 | D:10     | Noticed a two-headed ogre
 11008 | D:10     | Noticed a two-headed ogre
 11015 | D:11     | Noticed a purple ugly thing
 11033 | D:10     | Killed a purple ugly thing
 11210 | D:11     | HP: 1/83 [something (9)]
 11215 | D:11     | HP: 3/83 [something (4)]
 11218 | D:11     | Killed from afar by a vampire

Illustrated notes

Levels and vault maps discovered:
D:1:      dpeg_arrival_round_c, layout_basic, minmay_misc_feat_iff,
          minmay_curled_crystal
D:2:      layout_basic, serial_shops, nicolae_shop_tiny_statue_garden,
          ebering_ecumenical_altar_rust
D:3:      layout_basic, uniq_natasha
D:4:      layout_basic, serial_glass, glass_columns_a, glass_columns_a,
          glass_columns_a, glass_columns_a, glass_columns_a, glass_columns_b,
          due_unseen_surprise, minmay_strange_pillars, feat_on_display,
          reono_crystal_passage
D:5:      layout_basic, nrook_mini_vaults, nicolae_half_adder
D:6:      layout_cave_pools, mainiacjoe_overflow_alcove_2,
          minmay_temple_entry_large_hall, biasface_ghost_orc_armoury,
          serial_shops, nicolae_shop_pleasant_corner_grove,
          chequers_ossuary_entry_cave, uniq_edmund, uniq_menkaure,
          uniq_blork_the_orc, uniq_maggie
D:7:      layout_cave_pools, mainiacjoe_overflow_chevrons, uniq_prince_ribbit1,
          uniq_duvessa, uniq_joseph
D:8:      layout_loops_cross, old_standard_altar, uniq_pikel
D:9:      lemuel_ice_spiral_2, layout_basic, minmay_lair_entry_grove,
          uniq_maurice
D:10:     layout_gridville, orc_0_dummy, uniq_erica
D:11:     layout_basic, nicolae_trove_entry_path_of_doom,
          portal_ice_cave_demonic_guard
Temple:   hellmonk_temple_of_storms

Skill      XL: |  1  2  3  4  5  6  7  8  9 10 |
---------------+-------------------------------+-----
Necromancy     | 5 6 7 9 10 | 10.0
Spellcasting   | 3 5 6 8 |  8.0
Dodging        | 2 |  2.0
Evocations     | 1 3 |  3.0
Fighting       | 1 2 3 6 |  6.9
Throwing       | 2 |  2.0
Armour         | 2 |  2.0
Stealth        | 2 3 |  3.0
Long Blades    | 4 8 |  8.8

Action                     |  1- 3 |  4- 6 |  7- 9 | 10-12 || total
---------------------------+-------+-------+-------+-------++-------
  Melee: Unarmed           |     2 |       |       |       ||     2
         Dagger            |     4 |     6 |    58 |       ||    68
         Short sword       |       |     2 |    49 |       ||    51
         Tailslap          |       |       |    19 |    21 ||    40
         Punch             |       |       |     3 |     1 ||     4
         Long sword        |       |       |     5 |    73 ||    78
   Cast: Necrotise         |    64 |   122 |   205 |   157 ||   548
         Passwall          |       |       |     2 |       ||     2
    Use: Scroll            |       |     7 |     1 |     1 ||     9
         Potion            |       |       |     6 |     5 ||    11
   Stab: Sleeping          |       |       |     1 |       ||     1
 Armour: Robe              |     4 |    10 |       |       ||    14
         Leather armour    |       |     4 |    39 |       ||    43
         Steam dragon scal |       |       |    41 |    96 ||   137
  Dodge: Dodged            |     9 |    25 |   100 |   108 ||   242
